 Dungeon Crawl Stone Soup version 0.27-a0-1555-g0e7b3fb1d2 (webtiles) character file.

Game seed: 5781942443847228250

0 freelancePsychic the Charlatan (level 1, 0/15 HPs)
             Began as a Demonspawn Artificer on July 15, 2021.
             Slain by a jackal (1 damage)
             ... on level 1 of the Dungeon.
             The game lasted 00:00:26 (34 turns).

freelancePsychic the Charlatan (Demonspawn Artificer) Turns: 34, Time: 00:00:27

Health: 0/15       AC:  3    Str: 12    XL:     1   Next: 8%
Magic:  1/1        EV: 11    Int: 12    God:
Gold:   0          SH:  0    Dex: 13    Spells: 0/0 levels left

rFire    . . .     SeeInvis .   a - +0 club
rCold    . . .     Faith    .   (no shield)
rNeg     . . .     Spirit   .   b - +0 leather armour
rPois    .         Reflect  .   (no helmet)
rElec    .         Harm     .   (no cloak)
rCorr    .         Rampage  .   (no gloves)
Will     .....                  (no boots)
Stlth    +.........             (no amulet)
HPRegen  0.05/turn              (no ring)
MPRegen  0.07/turn              (no ring)

@: no status effects
A: no striking features
a: no special abilities


You were on level 1 of the Dungeon.
You visited 1 branch of the dungeon, and saw 1 of its levels.

Inventory:

Hand Weapons
 a - a +0 club (weapon)
Armour
 b - a +0 leather armour (worn)
Wands
 c - a wand of flame (15)
 d - a wand of charming (14) (quivered)
Miscellaneous
 e - a piece from Xom's chessboard (15/15)


   Skills:
 + Level 1.0 Fighting
 + Level 1.7 Armour
 + Level 0.8 Dodging
 + Level 0.9 Stealth
 + Level 3.0 Evocations


You couldn't memorise any spells.
You didn't know any spells.
Your spell library contained the following spells:

 Spells                   Type           Power      Damage    Failure   Level
 Slow                     Hex            0%         N/A       54%         2
 Confusing Touch          Hex            0%         N/A       77%         3
 Vampiric Draining        Necr           0%         2d6       77%         3


Dungeon Overview and Level Annotations

Branches:
Dungeon (1/15)

Altars:


Message History

Your jackal misses the jackal.
The jackal bites you but does no damage.
Your jackal closely misses the jackal.
The jackal barely misses your jackal.
Your jackal bites the hobgoblin but does no damage.
The hobgoblin closely misses your jackal.
Your jackal bites the hobgoblin.
The hobgoblin dies!
Your jackal bites the jackal but does no damage.
You hit the jackal but do no damage. The jackal closely misses you.
Your jackal misses the jackal.
The jackal bites you but does no damage.
You hit the jackal.
The jackal is lightly wounded.
Your jackal closely misses the jackal.
The jackal bites you.
Your jackal barely misses the jackal.
You barely miss the jackal.
The jackal is lightly wounded.
The jackal bites you.
Your jackal barely misses the jackal.
The jackal bites you.
Your jackal barely misses the jackal.
You closely miss the jackal.
The jackal is lightly wounded.
The jackal completely misses you.
Your jackal bites the jackal.
The jackal barely misses you.
Your jackal bites the jackal.
You closely miss the jackal.
The jackal is severely wounded.
The jackal bites you.
* * * LOW HITPOINT WARNING * * *
Your jackal barely misses the jackal.
The jackal misses you.
Your jackal barely misses the jackal.
You barely miss the jackal.
The jackal is severely wounded.
The jackal closely misses you.
Your jackal bites the jackal.
The jackal bites you.
* * * LOW HITPOINT WARNING * * *
Your jackal misses the jackal. You barely miss the jackal.
The jackal is almost dead.
The jackal bites you.
You die...

P. ##.......<.≈≈ #...♣.
#..8..8.....≈ P....##
#......^..... . P≈≈..#
##...........≈ ♣.
..≈♣.###.............
...♣≈≈.P.##.............
♣≈≈♣≈P.............8..
P≈♣≈≈≈.............8....
.≈≈≈≈≈.@h...........#
..≈≈♣....h.......###
P..P.PP...†....###
...............#
...P♣...>.######
.P......... ...........#
............
....###.....


You could see a jackal (ally target) and a friendly jackal (charmed).

Vanquished Creatures (collateral kills)
  A hobgoblin (D:1)
1 creature vanquished.

Notes
Turn   | Place    | Note
-------+----------+-------------------------------------------
     0 | D:1      | freelancePsychic the Demonspawn Artificer began the quest
                  | for the Orb.
     0 | D:1      | Reached XP level 1. HP: 15/15 MP: 1/1
    34 | D:1      | Slain by a jackal

Illustrated notes

Levels and vault maps discovered:
D:1:      nicolae_arrival_washed_ashore, layout_basic, serial_shops,
          nicolae_shop_trees, minmay_misc_feat_secret_circle, hex_medium,
          serial_bayou_pond_a, serial_park_tiny_2

Action                   || total
-------------------------++-------
Melee: Club              ||    10
Evoke: Wand              ||     1
Armor: Leather armour    ||     3
Dodge: Dodged            ||    16

Table legend: (Time is in decaauts)
 A = Elapsed time spent in this place.
 B = Non-inter-level travel time spent in this place.
 C = Inter-level travel time spent in this place.
 D = Time resting spent in this place.
 E = Time spent auto-exploring this place.
 F = Levels seen in this place.
 G = Mean time per level.
                   A        B        C        D        E       F      G
               +--------+--------+--------+--------+--------+-----+--------+
         Total |     36 |     36 |      0 |      0 |     12 |   1 |   36.0 |
       Dungeon |     36 |     36 |      0 |      0 |     12 |   1 |   36.0 |
               +--------+--------+--------+--------+--------+-----+--------+

Top non-repeatable levels by time:
     D:1: 36 daAuts
